 Dungeon Crawl Stone Soup version 0.28.0-43-g3370ac3207 (webtiles) character file.

Game seed: 13071205372479965122

4020 sanboga the Cleaver (level 10, -5/59 HPs)
             Began as a Gargoyle Fighter on Mar 3, 2022.
             Was an Initiate of Trog.
             Slain by a vampire
             ... wielding the +5 rapier of Bodily Harmony {freeze, *Slow rF+ Int+6 SInv}
              (14 damage)
             ... on level 7 of the Dungeon.
             The game lasted 00:13:43 (7284 turns).

sanboga the Cleaver (Gargoyle Fighter)              Turns: 7284, Time: 00:13:44

Health: -5/59      AC: 23    Str: 24    XL:     10   Next: 23%
Magic:  10/10      EV:  4    Int:  9    God:    Trog [......]
Gold:   498        SH:  0    Dex:  9    Spells: 9/9 levels left

rFire   + . .      SeeInvis .   a - +0 war axe
rCold   . . .      Faith    .   i - +0 tower shield
rNeg    + + .      Spirit   .   y - +0 plate armour
rPois   ∞          Reflect  +   n - +0 helmet
rElec   +          Harm     .   m - +0 cloak
rCorr   .          Rampage  .   f - +0 pair of gloves
Will    .....                   (no boots)
Stlth   ..........              h - amulet of reflection
HPRegen 0.19/turn               j - ring of protection from fire
MPRegen 0.12/turn               l - ring of positive energy

@: confused, ambrosia-drunk
A: sickness immunity, AC +7, negative energy resistance 1, electricity
resistance, torment resistance 1, petrification resistance
a: Renounce Religion


You were on level 7 of the Dungeon.
You worshipped Trog.
Trog was noncommittal.
You visited 2 branches of the dungeon, and saw 9 of its levels.

You collected 498 gold pieces.

Inventory:

Hand Weapons
 a - a +0 war axe (weapon)
Armour
 f - a +0 pair of gloves (worn)
 i - a +0 tower shield (worn)
 m - a +0 cloak (worn)
 n - a +0 helmet (worn)
 y - a +0 plate armour (worn)
Jewellery
 h - an amulet of reflection (around neck)
 j - a ring of protection from fire (left hand)
 l - a ring of positive energy (right hand)
Wands
 v - a wand of iceblast (3)
Scrolls
 c - 3 scrolls of fog
 d - a scroll of identify
 e - a scroll of enchant armour
 k - a scroll of fear
 o - 2 scrolls of teleportation
 q - 2 scrolls of magic mapping
Potions
 g - a potion of flight {unknown}
 p - 2 potions of resistance
 s - a potion of berserk rage {unknown}
 t - a potion of magic {unknown}
 u - a potion of cancellation {unknown}
 w - a potion of curing {unknown}
 x - a potion of ambrosia
 z - a potion of degeneration {unknown}


   Skills:
 + Level 5.5 Fighting
 * Level 12.7 Axes
 + Level 5.5 Armour
 + Level 11.2 Shields


You had 9 spell levels left.
You didn't know any spells.
Your spell library contained the following spells:

 Spells                   Type           Power      Damage    Failure   Level
 Sandblast                Erth           0%         2d4       100%        1
 Blink                    Tloc           0%         N/A       100%        2
 Ensorcelled Hibernation  Hex/Ice        0%         N/A       100%        2
 Passwall                 Tmut/Erth      0%         N/A       100%        2
 Lesser Beckoning         Tloc           0%         N/A       100%        3
 Spider Form              Tmut/Pois      0%         N/A       100%        3
 Stone Arrow              Conj/Erth      0%         3d7       100%        3
 Anguish                  Hex/Necr       0%         N/A       100%        4
 Manifold Assault         Tloc           0%         N/A       100%        5


Dungeon Overview and Level Annotations

Branches:
Dungeon (8/15)             Temple (1/1) D:5
   Lair: D:8-11

Altars:
Ashenzari
Cheibriados
Dithmenos
Elyvilon
Gozag
Hepliaklqana
Kikubaaqudgha
Makhleb
Okawaru
Qazlal
Ru
Trog
Uskayaw
Vehumet
Wu Jian
Yredelemnul
Zin
The Shining One


Innate Abilities, Weirdness & Mutations

You are immune to sickness and miasma.
Your stone body is resilient. (AC +7)
You are immune to poison.
You resist negative energy. (rN+)
You are resistant to electric shocks. (rElec)
You are resistant to unholy torment.
You are immune to petrification.


Message History

You climb upwards.
Reactivating autopickup.
There is a stone staircase leading down here.
No target in view!
Deactivating autopickup; reactivate with Ctrl-A.
You closely miss something. Something hits you. Something freezes you.
Something bites you.
You hit something.
You hear some strange, mumbled words.
You are confused.
You hit something but do no damage. Something hits you. Something freezes you.
Something bites you but does no damage.
You hear some strange, mumbled words.
Something tries to affect you, but you resist.
You hear a zap.
You suddenly lose the ability to move!
The now-empty wand crumbles to dust.
You feel less confused. Something hits you but does no damage.
Something bites you! Something hits you. Something freezes you.
Something bites you. Something hits you. Something freezes you.
Something bites you.
* * * LOW HITPOINT WARNING * * *
You can move again.
There is a stone staircase leading down here.
Unknown command.
You can't see any enemies this would affect, really read the scroll of fear?
As you read the scroll of fear, it crumbles to dust.
You assume a fearsome visage.
Nothing appears to happen.
Something hits you but does no damage. Something bites you but does no damage.
You miss something. You block something's attack.
Something bites you but does no damage.
You miss something. Something hits you.
* * * LOW HITPOINT WARNING * * *
Something freezes you.
* * * LOW HITPOINT WARNING * * *
Something bites you but does no damage. You block something's attack.
Something bites you but does no damage.
It was a potion of ambrosia.
You are confused.
You feel invigorated. Something hits you!
You die...

###............##.###
##..............####..
#................#...#
##....#...............#
#.....#..........#..###
##..............###..#
###.............#....#
#......[.............#
##....@........#####'#
#...†.#......##8##♣.♣#
#....##.....##...##.##
###.........#_....'.'.
#.........##...##♣##
#####......##8######
#.(......####...##
##............####
###.......##...##.


There were no monsters in sight!

Vanquished Creatures
  A wyvern (D:6)
  A vampire mosquito (D:8)
  2 orc warriors (D:8)
  An ice beast (D:7)
  A black bear (D:4)
  A necrophage (D:5)
  2 ogres
  2 centaurs (D:8)
  A phantom (D:6)
  4 bullfrogs
  A gnoll sergeant (D:7)
  A kobold brigand (D:7)
  A wyvern skeleton (D:7)
  2 wyvern zombies
  10 killer bees
  3 bullfrog zombies
  4 orc priests
  A hound (D:5)
  A centaur skeleton (D:7)
  3 scorpion zombies (D:5)
  7 orc wizards
  A hound skeleton (D:4)
  Robin (D:3)
  A howler monkey zombie (D:5)
  7 gnolls
  7 adders
  A shadow imp (D:7)
  3 ufetubi
  An adder skeleton (D:4)
  2 worms
  3 dart slugs
  23 orcs
  5 endoplasms
  2 giant cockroaches (D:4)
  12 goblins
  4 hobgoblins
  6 jackals
  16 kobolds
  4 quokkas
  3 ball pythons
  4 bats
  2 frilled lizards
  6 rats
164 creatures vanquished.

Vanquished Creatures (others)
  An orc wizard (D:7)
1 creature vanquished.

Grand Total: 165 creatures vanquished

Notes
Turn   | Place    | Note
-------+----------+-------------------------------------------
     0 | D:1      | sanboga the Gargoyle Fighter began the quest for the Orb.
     0 | D:1      | Reached XP level 1. HP: 14/14 MP: 1/1
   241 | D:1      | Reached skill level 2 in Axes
   242 | D:1      | Reached XP level 2. HP: 12/19 MP: 2/2
  1324 | D:2      | Found a faded altar of an unknown god.
  1330 | D:2      | Reached XP level 3. HP: 23/23 MP: 3/3
  1557 | D:2      | Reached XP level 4. HP: 26/29 MP: 4/4
  1842 | D:2      | You fall into a shaft and drop 2 floors!
  1922 | D:3      | Reached skill level 3 in Axes
  2589 | D:3      | Found a glowing golden altar of the Shining One.
  2609 | D:3      | Reached XP level 5. HP: 32/33 MP: 5/5
  2993 | D:4      | Noticed an ogre
  3064 | D:4      | Noticed Robin
  3070 | D:3      | Killed Robin
  3178 | D:4      | Noticed a black bear
  3185 | D:4      | Killed a black bear
  3186 | D:4      | Reached XP level 6. HP: 31/39 MP: 6/6
  3445 | D:4      | Reached skill level 4 in Axes
  3570 | D:4      | Reached skill level 10 in Axes
  3570 | D:4      | Reached XP level 7. HP: 44/44 MP: 7/7
  3571 | D:4      | Reached skill level 12 in Axes
  3571 | D:4      | Reached skill level 10 in Shields
  3571 | D:4      | Reached XP level 8. HP: 48/48 MP: 8/8
  3595 | D:5      | Entered Level 5 of the Dungeon
  3847 | D:5      | Reached XP level 9. HP: 52/52 MP: 9/9
  3934 | D:5      | Found an ornate altar of the Wu Jian Council.
  3987 | D:5      | Found a staircase to the Ecumenical Temple.
  4019 | Temple   | Entered the Ecumenical Temple
  4326 | D:5      | Found a basalt altar of Yredelemnul.
  4678 | D:6      | Reached skill level 5 in Fighting
  4709 | D:6      | Reached skill level 5 in Armour
  5020 | D:6      | Found a burning altar of Makhleb.
  5034 | D:6      | Found a shadowy altar of Dithmenos.
  5037 | D:6      | Found a broken altar of Ashenzari.
  5040 | D:6      | Found a sacrificial altar of Ru.
  5877 | D:7      | Found an opulent altar of Gozag.
  5885 | D:7      | Found a bloodstained altar of Trog.
  5892 | D:7      | Became a worshipper of Trog the Wrathful
  6095 | D:8      | Reached XP level 10. HP: 49/59 MP: 10/10
  6713 | D:8      | Noticed a cyclops
  6731 | D:8      | Noticed a catoblepas
  7191 | D:8      | Identified the +5 rapier of Bodily Harmony {freeze, *Slow
                  | rF+ Int+6 SInv}
  7191 | D:8      | Identified the ring of Myrerot {rPois rF+ MP+9 Str+4 Int-2}
  7277 | D:7      | Paralysed by something for 4 turns
  7284 | D:7      | Slain by a vampire

Illustrated notes

Levels and vault maps discovered:
D:1:      saegor_arrival_simple_d, layout_rooms, serial_rivers,
          chequers_serial_rivers_small_b, chequers_serial_rivers_small_b,
          chequers_serial_rivers_small_b, chequers_serial_rivers_small_3,
          chequers_serial_rivers_micro_d, chequers_serial_rivers_micro_b,
          grunt_decor_one_mirror
D:2:      layout_loops_ring, hellmonk_ecumenical_altar_pennies_from_heaven,
          st_stairs_7
D:3:      layout_basic, mainiacjoe_overflow_alcove_1, kennysheep_potato
D:4:      layout_rooms, minmay_bisected, uniq_robin
D:5:      layout_cave_pools, nicolae_wu_jian_immortal_techniques,
          nicolae_yredelemnul_corpse_copse,
          minmay_temple_entry_drinking_statues, nrook_uturn
D:6:      layout_rooms, grunt_temple_overflow_cloverleaf
D:7:      layout_cave_pools, amethyst_overflow_temple_binary,
          minmay_fountain_box, serial_park_tiny_1
D:8:      minmay_the_grid_octo_2x2 [minmay_the_grid_octo_tetromino_candy,
          minmay_the_grid_octo_horde, minmay_the_grid_octo_pinwheel,
          minmay_the_grid_octo_prize_star], layout_basic, special_room
          [special_room_orc]
Temple:   jpeg_temple_island

Skill      XL: |  1  2  3  4  5  6  7  8  9 |
---------------+----------------------------+-----
Axes           | 2 3 10 12 | 12.7
Fighting       | 4 5 |  5.5
Armour         | 4 5 |  5.5
Shields        | 4 9 10 11 | 11.2

Action                   |  1- 3 |  4- 6 |  7- 9 | 10-12 || total
-------------------------+-------+-------+-------+-------++-------
Melee: War axe           |    81 |   130 |   229 |   119 ||   559
  Use: Scroll            |     2 |     5 |     4 |     2 ||    13
       Potion            |       |     2 |     1 |     2 ||     5
Armor: Scale mail        |    33 |    55 |   111 |    29 ||   228
       Plate armour      |       |       |       |    32 ||    32
Dodge: Dodged            |    22 |    25 |    51 |    14 ||   112
Block: Tower shield      |    45 |   139 |   309 |   152 ||   645
       Buckler           |     7 |       |       |       ||     7
       Reflection        |     1 |     1 |     8 |     5 ||    15
